Map: Acropolis LE

Players

Dark - Winner!

  • Race: Zerg Zerg
  • Spawn Location: 11:00

Maru

  • Race: Terran Terran
  • Spawn Location: 5:00

Event: 2019 WCS Global FInals

VOD

Have the link to the VOD?

Description

Time

  • Played on: Nov. 1, 2019, 7:42 p.m.
  • Length: 20:39

All games in this series

Show
View Real Time Build Order
Export as new Build Order

Dark Zerg - Winner!

Build Orders: Hatch First 

Get SALT Encoding   

  12  0:00  Drone  
  13  0:13  Overlord  
  13  0:17  Drone  
  14  0:31  Drone x2  
  16  0:50  Hatchery  
  16  0:52  Drone  
  16  0:55  Drone  
  17  0:59  Drone  
  18  1:09  Extractor  
  17  1:13  Spawning Pool  
  17  1:16  Drone  
  17  1:20  Drone  
  18  1:29  Drone  
  19  1:40  Drone  
  20  1:50  Drone  
  21  2:02  Drone, Queen x2  
  21  2:03  Drone  
  27  2:15  Overlord  
  27  2:16  Drone  
  28  2:24  Hatchery  
  28  2:26  Zergling x2  
  28  2:33  Extractor  
  28  2:34  Drone  
  28  2:40  Drone x2  
  30  2:45  Queen  
  30  2:47  Metabolic Boost  
  32  2:51  Overlord  
  32  2:55  Drone  
  33  3:00  Overlord  
  33  3:02  Drone  
  34  3:09  Drone x2  
  36  3:16  Drone x3  
  39  3:23  Queen  
  39  3:25  Zergling x4  
  43  3:30  Drone  
  44  3:36  Queen  
  44  3:37  Drone x2  
  44  3:39  Drone  
  49  3:44  Drone x2  
  49  3:46  Drone x2  
  53  3:50  Drone x2  
  53  3:51  Drone  
  53  3:55  Overlord  
  56  3:57  Extractor  
  56  4:00  Zergling x6  
  58  4:06  Overlord  
  58  4:11  Lair  
  58  4:13  Queen  
  58  4:14  Queen  
  58  4:16  Drone  
  63  4:18  Drone  
  63  4:22  Drone  
  65  4:24  Overlord, Baneling Nest  
  65  4:29  Overlord  
  64  4:37  Spore Crawler  
  64  4:38  Drone x3  
  64  4:42  Spore Crawler, Drone  
  64  4:43  Drone x3  
  64  4:44  Drone  
  70  4:48  Drone x3  
  70  4:50  Drone  
  73  4:55  Overlord  
  73  4:57  Drone x3  
  76  5:06  Drone x3  
  79  5:07  Drone x2, Extractor  
  79  5:08  Extractor  
  79  5:11  Extractor  
  79  5:12  Drone  
  79  5:15  Drone  
  79  5:16  Centrifical Hooks  
  79  5:17  Drone  
  81  5:22  Overlord  
  81  5:28  Drone x2  
  83  5:31  Overlord  
  83  5:34  Evolution Chamber  
  83  5:35  Evolution Chamber, Drone, Hatchery  
  81  5:36  Drone x3  
  81  5:39  Drone x2  
  81  5:41  Drone  
  87  5:44  Drone x3  
  87  5:48  Hydralisk Den  
  89  5:56  Overlord  
  89  5:59  Drone x3  
  89  6:00  Drone x2  
  89  6:01  Drone  
  89  6:02  Drone  
  96  6:05  Zerg Melee Weapons Level 1  
  96  6:06  Hatchery  
  96  6:08  Zerg Ground Armor Level 1  
  95  6:12  Zergling x8  
  95  6:16  Zergling x6  
  102  6:20  Baneling x5  
  102  6:27  Grooved Spines  
  102  6:30  Overlord  
  102  6:31  Overlord x2  
  102  6:36  Overlord  
  102  6:39  Baneling x4  
  102  6:42  Overlord  
  102  6:48  Zergling x4  
  102  6:49  Overlord, Hydralisk x6  
  102  6:53  Hydralisk x2  
  120  6:56  Drone  
  120  6:58  Hydralisk  
  123  7:04  Drone x2  
  124  7:09  Hydralisk x2  
  124  7:14  Drone x3  
  131  7:15  Hydralisk  
  131  7:16  Hydralisk  
  131  7:22  Zergling x10  
  140  7:25  Zergling x8  
  140  7:28  Hatchery, Zergling x4  
  145  7:31  Baneling x2  
  145  7:34  Zergling x12  
  151  7:38  Spawning Pool, Muscular Augments  
  139  7:54  Hydralisk x3, Drone  
  139  7:55  Hydralisk  
  139  7:56  Overlord  
  139  7:58  Overlord  
  148  8:09  Overlord x2  
  148  8:11  Overlord  
  148  8:12  Zerg Ground Armor Level 2, Zerg Melee Weapons Level 2  
  148  8:15  Infestation Pit  
  148  8:17  Hydralisk  
  148  8:18  Hydralisk  
  150  8:26  Hydralisk x2  
  149  8:27  Zergling x4  
  149  8:28  Zergling x26  
  149  8:30  Drone x2  
  149  8:31  Extractor  
  149  8:33  Hatchery  
  168  8:37  Zergling x16  
  176  8:43  Drone x2  
  176  8:46  Spore Crawler x2  
  176  8:50  Zergling x16  
  176  8:53  Baneling x6  
  182  8:59  Zergling x12  
  184  9:06  Zergling x2  
  185  9:13  Hive  
  183  9:18  Drone  
  183  9:20  Evolution Chamber, Zergling x26  
  183  9:22  Overlord x3  
  196  9:24  Pneumatized Carapace  
  196  9:26  Overlord x2, Nydus Network  
  196  9:28  Overlord  
  196  9:29  Overlord  
  195  9:33  Baneling x2  
  195  9:34  Baneling x5  
  195  9:35  Baneling  
  195  9:37  Drone  
  196  9:50  Zerg Missile Weapons Level 1  
  195  9:58  Burrow  
  195  10:03  Drone x4  
  195  10:05  Spore Crawler x2  
  195  10:06  Drone x2  
  193  10:25  Hatchery  
  193  10:26  Viper x2  
  193  10:27  Adrenal Glands  
  197  10:30  Zergling x2  
  197  10:31  Zergling x2  
  199  10:41  Spore Crawler, Drone  
  199  10:42  Drone  
  200  10:47  Nydus Canal  
  200  10:48  Zerg Melee Weapons Level 3, Zerg Ground Armor Level 3  
  193  10:55  Zergling x4  
  193  10:56  Zergling x28  
  199  11:03  Nydus Canal  
  199  11:10  Zergling x34  
  194  11:19  Zergling x12  
  191  11:26  Zergling x14  
  191  11:29  Nydus Canal  
  191  11:30  Zergling x6  
  199  11:37  Zergling x2  
  199  11:38  Baneling x9  
  199  11:39  Baneling x3  
  199  11:42  Ultralisk Cavern  
  199  11:44  Zergling x4  
  199  11:45  Baneling  
  199  11:47  Baneling x2  
  199  11:50  Baneling  
  199  11:51  Baneling  
  187  12:04  Hatchery  
  187  12:07  Zergling x36  
  187  12:08  Zergling x14  
  175  12:15  Zergling x12  
  162  12:22  Baneling, Zergling x22  
  173  12:23  Baneling x3  
  173  12:24  Zergling x2  
  173  12:26  Nydus Canal  
  173  12:28  Hydralisk x2  
  178  12:30  Viper x2, Chitinous Plating  
  178  12:31  Viper  
  187  12:41  Zergling x24  
  187  12:43  Nydus Canal  
  199  12:48  Baneling, Zerg Missile Weapons Level 2  
  199  12:56  Spore Crawler  
  199  12:57  Drone  
  199  13:03  Baneling x5  
  199  13:07  Hatchery  
  199  13:12  Zergling x12  
  199  13:13  Zergling x2  
  200  13:20  Spire  
  200  13:21  Extractor  
  200  13:22  Zergling x2  
  200  13:23  Zergling x2  
  194  13:42  Zergling x10  
  194  13:43  Zergling x2  
  200  13:53  Baneling  
  200  13:54  Baneling x8  
  199  14:01  Zergling x12  
  198  14:05  Anabolic Synthesis  
  192  14:13  Zergling x12  
  192  14:15  Zergling x12  
  199  14:36  Greater Spire  
  199  14:47  Drone  
  199  14:51  Baneling x3  
  199  14:52  Baneling x3  
  200  14:56  Baneling x4  
  200  15:05  Zergling x6  
  163  15:19  Zergling x2  
  163  15:20  Zergling x88  
  163  15:21  Zergling x6  
  182  15:22  Zergling x30  
  182  15:27  Hatchery  
  194  15:28  Ultralisk  
  194  15:29  Zergling x8  
  194  15:30  Zergling x2  
  194  15:33  Zerg Missile Weapons Level 3  
  199  15:40  Nydus Canal  
  199  15:44  Baneling x6  
  199  15:45  Baneling x6  
  199  15:49  Overseer  
  199  15:54  Nydus Canal  
  199  15:58  Baneling x10  
  199  16:04  Zergling x2  
  199  16:08  Zergling x2  
  199  16:09  Baneling x5  
  199  16:10  Baneling x3  
  199  16:19  Baneling  
  199  16:20  Baneling x12  
  199  16:24  Nydus Canal  
  199  16:33  Nydus Canal  
  199  16:36  Zergling x2  
  182  16:58  Zerg Flyer Weapons Level 1  
  182  17:00  Spore Crawler, Drone x10, Extractor  
  186  17:02  Drone x2  
  186  17:03  Spore Crawler  
  186  17:04  Pathogen Glands, Extractor  
  186  17:10  Zergling x28  
  172  17:22  Zergling x2  
  172  17:23  Zergling x54  
  198  17:36  Nydus Canal  
  183  17:45  Hydralisk x8  
  183  17:46  Zergling x12  
  183  17:47  Overseer x3, Zergling x2  
  183  17:48  Overseer  
  183  17:50  Baneling x16  
  199  18:11  Baneling x8  
  199  18:13  Baneling x11  
  199  18:17  Baneling x2  
  199  18:22  Baneling x6  
  199  18:23  Zergling x2  
  171  18:36  Corruptor x8  
  171  18:39  Zergling x2  
  171  18:40  Zergling x68  
  187  18:42  Zergling x4  
  187  18:47  Zergling x2  
  187  18:50  Nydus Canal  
  187  19:00  Zergling x2  
  187  19:01  Zergling x16  
  187  19:02  Hatchery  
  195  19:05  Baneling x3  
  198  19:13  Baneling x3  
  197  19:23  Zergling x26  
  200  19:24  Baneling x10  
  200  19:30  Baneling x9  
  178  19:40  Zergling x2  
  178  19:41  Zergling x48  
  172  19:47  Ultralisk  
  172  19:49  Zergling x8  
  172  19:57  Ultralisk  
  172  19:58  Zergling x12  
  184  20:01  Zergling x6  
  184  20:02  Baneling  
  184  20:03  Baneling x2  
  163  20:21  Zergling x16  
  148  20:22  Zergling x2  
Show
View Real Time Build Order
Export as new Build Order

Maru Terran 

Build Orders: Reaper Expand 

Get SALT Encoding   

  12  0:00  SCV  
  13  0:12  SCV  
  14  0:17  Supply Depot  
  14  0:24  SCV  
  15  0:38  SCV  
  15  0:40  Barracks  
  16  0:43  Refinery  
  16  0:50  SCV  
  17  1:03  SCV  
  18  1:15  SCV  
  19  1:27  Orbital Command  
  19  1:28  Reaper  
  20  1:38  Command Center  
  20  1:51  Supply Depot  
  20  1:53  SCV  
  21  2:00  Marine  
  22  2:05  SCV  
  23  2:08  Factory  
  23  2:17  SCV  
  23  2:22  Barracks Reactor  
  24  2:29  SCV  
  25  2:41  SCV  
  25  2:42  Command Center  
  26  2:50  Orbital Command  
  26  2:55  SCV  
  27  3:01  Starport  
  29  3:06  Hellion  
  29  3:09  Hellion  
  29  3:11  SCV  
  32  3:15  SCV  
  32  3:19  Barracks Tech Lab  
  33  3:21  Refinery  
  33  3:25  SCV  
  34  3:27  SCV  
  34  3:28  Supply Depot  
  35  3:38  SCV  
  35  3:39  Viking  
  35  3:40  SCV  
  39  3:50  SCV  
  39  3:52  SCV  
  39  3:54  Barracks  
  41  3:55  Orbital Command  
  41  4:00  Stimpack  
  41  4:02  SCV  
  42  4:04  SCV  
  42  4:07  Barracks  
  42  4:09  Factory Reactor  
  43  4:12  Refinery  
  43  4:13  Marine  
  43  4:14  SCV  
  43  4:16  SCV  
  46  4:22  SCV  
  46  4:23  Supply Depot  
  47  4:24  Starport Reactor  
  47  4:26  SCV  
  47  4:28  SCV  
  49  4:34  SCV  
  49  4:38  SCV, Engineering Bay  
  50  4:39  Engineering Bay  
  50  4:42  Marine x3  
  50  4:44  SCV  
  54  4:46  SCV  
  54  4:50  Supply Depot, SCV  
  56  4:55  Factory Tech Lab  
  56  4:56  SCV  
  58  5:01  Marine x4, Refinery  
  58  5:02  SCV  
  58  5:04  Marine  
  58  5:05  Medivac x2  
  67  5:08  SCV  
  67  5:14  Supply Depot  
  68  5:18  Orbital Command  
  68  5:19  Terran Infantry Weapons Level 1, Marine x4  
  72  5:22  Marine, Terran Infantry Armor Level 1  
  72  5:27  SCV x2  
  75  5:33  Siege Tank  
  78  5:36  Marine  
  78  5:37  Marine x3  
  78  5:39  Marine, SCV  
  78  5:40  SCV  
  85  5:46  SCV  
  86  5:51  Supply Depot, SCV  
  86  5:52  SCV  
  86  5:53  Supply Depot  
  86  5:54  Medivac, Marine  
  86  5:55  Combat Shield  
  91  5:58  SCV  
  91  6:03  SCV  
  93  6:09  Supply Depot  
  93  6:12  Medivac, Siege Tank, Marine x2, SCV  
  93  6:14  Marine  
  93  6:15  SCV  
  103  6:20  Marine, SCV  
  103  6:24  SCV  
  106  6:27  SCV  
  106  6:29  Barracks  
  106  6:30  Barracks  
  106  6:32  Supply Depot x2, SCV  
  108  6:36  SCV  
  108  6:37  Marine x4  
  108  6:38  Marine  
  108  6:39  Medivac, SCV  
  117  6:49  Supply Depot  
  117  6:50  Refinery x2  
  117  6:53  Siege Tank, SCV x3  
  123  6:54  Marine  
  123  6:58  Supply Depot  
  123  7:00  Armory  
  124  7:04  Marine  
  124  7:05  SCV x2  
  124  7:06  Marine  
  128  7:08  Marine  
  128  7:09  Marine  
  130  7:18  Marine  
  130  7:20  Barracks Reactor x2  
  130  7:21  SCV  
  130  7:22  Marine  
  132  7:24  Marine  
  132  7:25  Siege Tank, Factory  
  132  7:27  Supply Depot  
  132  7:28  Marine  
  132  7:29  Medivac, Marine  
  140  7:31  SCV  
  140  7:36  Marine  
  142  7:40  Marine  
  142  7:41  Marine, SCV  
  145  7:46  Marine, SCV  
  145  7:49  Marine  
  145  7:50  SCV  
  138  7:51  Terran Infantry Weapons Level 2  
  138  7:52  Command Center  
  138  7:53  Marine  
  138  7:57  Siege Tank, Marine x5  
  146  8:08  Marine  
  146  8:10  Medivac x2  
  147  8:18  Marine x3  
  150  8:21  Factory Tech Lab  
  150  8:23  Marine  
  150  8:24  Sensor Tower, Supply Depot  
  150  8:26  Supply Depot, Marine x2  
  153  8:29  Siege Tank  
  153  8:33  Marine  
  157  8:34  Terran Infantry Armor Level 2  
  157  8:36  Terran Vehicle Weapons Level 1  
  157  8:45  Siege Tank, Marine x4, Supply Depot  
  157  8:46  Supply Depot  
  157  8:47  Supply Depot x2  
  164  8:50  Medivac  
  164  8:51  Barracks x2  
  164  8:52  Medivac  
  164  8:53  Barracks  
  168  8:59  Marine  
  168  9:00  Marine x3  
  168  9:02  Siege Tank  
  163  9:13  Marine  
  163  9:14  Marine x4  
  162  9:17  Siege Tank, Marine  
  162  9:19  Marine x3  
  169  9:25  Sensor Tower, SCV x2  
  169  9:30  Planetary Fortress  
  171  9:31  Marine x2  
  171  9:33  Marine x3  
  171  9:34  Siege Tank  
  171  9:35  Marine  
  180  9:41  Refinery  
  180  9:42  Refinery  
  180  9:43  Command Center  
  180  9:46  Marine x3  
  180  9:47  Barracks Tech Lab  
  180  9:48  Barracks Tech Lab x2  
  180  9:49  Siege Tank  
  186  9:56  Marine  
  186  9:57  Marauder  
  186  9:59  Marine  
  189  10:06  Siege Tank  
  192  10:08  Command Center  
  192  10:09  Starport  
  192  10:10  Starport  
  189  10:18  Marine, Marauder  
  189  10:19  Marauder  
  193  10:21  Siege Tank  
  193  10:25  Concussive Shells, Marauder  
  198  10:30  Marine  
  198  10:32  Terran Vehicle Weapons Level 2  
  198  10:33  Terran Infantry Weapons Level 3  
  198  10:39  Marine  
  198  10:40  Marauder  
  200  10:52  Command Center  
  193  10:59  Marine, Marauder  
  196  11:08  Marine  
  196  11:09  Marine x2, Marauder  
  196  11:10  Terran Infantry Armor Level 3, Marauder x2  
  189  11:12  Marine x2  
  187  11:20  Marine  
  187  11:21  Starport Tech Lab, Marauder  
  187  11:22  Starport Reactor, Ghost Academy  
  187  11:23  Medivac x2, Siege Tank  
  190  11:30  Marine x3, Marauder  
  190  11:31  Marine, Marauder x2  
  194  11:33  Siege Tank  
  193  11:42  Marauder  
  193  11:43  Missile Turret  
  193  11:44  Missile Turret  
  195  11:47  Marine, Orbital Command  
  195  11:52  Marauder x2  
  200  12:00  Marine x2  
  200  12:01  Marauder  
  194  12:02  Marine x2  
  194  12:04  Marauder  
  194  12:08  Marine x4  
  156  12:13  Marauder  
  156  12:14  Marauder  
  139  12:18  Marine x2  
  139  12:19  Orbital Command  
  139  12:20  Marine  
  139  12:22  Marauder  
  144  12:25  Medivac x2, Marauder  
  150  12:33  Marine x2  
  150  12:34  Medivac x2, Marauder  
  150  12:35  Siege Tank x2, Marauder  
  166  12:43  Marauder  
  168  12:46  Marauder  
  168  12:49  Marine x3  
  173  12:53  Missile Turret  
  173  12:56  Marauder  
  173  12:57  Marauder  
  177  13:01  Marine x3  
  177  13:05  Marauder  
  182  13:08  Marauder  
  182  13:11  Marine x2  
  184  13:13  Marine  
  184  13:14  Marine  
  184  13:17  Marauder  
  184  13:18  Marine, Marauder  
  184  13:19  Marine x3  
  194  13:20  Fusion Core  
  194  13:26  Marauder  
  196  13:29  Marine x2, Marauder  
  196  13:31  Marine  
  199  13:39  Marauder  
  200  13:45  Marine  
  200  13:46  Marine x3, Marauder  
  199  13:51  Marine  
  199  13:54  Planetary Fortress  
  200  13:58  Orbital Command  
  198  14:08  Marauder  
  200  14:11  Sensor Tower  
  200  14:12  Advanced Ballistics  
  200  14:15  Command Center  
  200  14:19  Command Center  
  200  14:48  Refinery, Command Center x2  
  200  14:49  Refinery  
  200  14:50  Ghost  
  194  14:57  Liberator x2  
  194  14:59  Ghost x3  
  185  15:07  Orbital Command  
  153  15:17  Liberator  
  153  15:19  Ghost  
  121  15:21  SCV x2  
  121  15:22  SCV  
  121  15:28  Ghost x3  
  111  15:29  Orbital Command  
  111  15:31  Siege Tank x2, Orbital Command  
  111  15:33  SCV x3  
  129  15:39  Terran Vehicle And Ship Armor Level 1  
  129  15:42  Personal Cloaking  
  129  15:44  Sensor Tower  
  129  15:45  Marine x3  
  129  15:46  Marine  
  129  15:47  Ghost, Marine  
  136  15:50  Marine  
  136  15:56  Ghost x2  
  139  15:57  Marauder  
  139  16:00  SCV  
  139  16:01  Orbital Command x2  
  144  16:05  Marine x4  
  148  16:14  Marine, Liberator  
  148  16:15  Marine  
  148  16:16  Marauder  
  152  16:19  Marauder  
  156  16:26  Marauder x2  
  156  16:32  Siege Tank x2  
  167  16:33  Marine, Liberator x2, SCV  
  167  16:34  SCV x2  
  167  16:38  Marauder  
  173  16:40  Marauder  
  173  16:42  Orbital Command  
  173  16:43  Orbital Command  
  173  16:44  Marine x3  
  180  16:47  Marauder x2  
  180  16:48  Marine  
  183  16:58  SCV x2  
  183  16:59  SCV x3, Marauder  
  183  17:01  Ghost  
  187  17:07  Ghost, Liberator x2  
  187  17:08  Ghost, SCV x4  
  196  17:10  SCV  
  196  17:11  SCV  
  197  17:21  Marauder  
  167  17:23  Siege Tank, Marine  
  177  17:30  Marauder  
  177  17:32  Marine  
  177  17:33  Siege Tank  
  187  17:37  Marauder x2  
  187  17:42  Marauder  
  164  17:46  Marine x2  
  164  17:47  Marine x2  
  164  17:50  Marine  
  160  17:51  Marauder  
  160  17:56  Siege Tank  
  169  17:58  Marauder x2  
  169  18:02  Marine x2  
  169  18:03  Ghost  
  172  18:05  SCV  
  172  18:06  SCV x2  
  172  18:12  Ghost  
  177  18:16  Marine x5  
  186  18:20  Marauder x2  
  186  18:21  Siege Tank  
  186  18:27  Orbital Command  
  189  18:28  Siege Tank  
  189  18:31  Liberator  
  189  18:32  Marauder  
  178  18:36  Marine x4  
  178  18:40  Marine x3  
  150  18:41  Marauder x3  
  150  18:45  Marine  
  154  18:49  SCV, Orbital Command  
  154  18:52  SCV  
  154  18:53  Marauder  
  154  18:54  Marine x2  
  160  19:02  Marauder x2  
  166  19:03  Marauder  
  166  19:04  Siege Tank  
  166  19:05  Siege Tank  
  169  19:12  Marine x2  
  169  19:15  Marauder  
  169  19:16  SCV x5  
  178  19:24  Marauder x3  
  184  19:36  Marauder  
  160  19:40  Marine x3  
  160  19:45  Marauder x3  
  137  19:49  Marine  
  137  19:50  Marine x4  
  137  19:52  SCV  
  140  19:53  SCV x6  
  140  19:57  Marauder  
  148  20:02  Marine x3  
  148  20:06  Marauder  
  148  20:07  Marine x2, Marauder x2  
  132  20:18  Marine x3  
  132  20:20  Marine x2  
Tags
 
Add a new tag
Caveats
  • Supply blocks, unpowered buildings, or Contaminate may cause inaccurate times.
  • Supply counts are checked every 10 seconds.